 Dungeon Crawl Stone Soup version 0.22-a0-443-g17c3723 (webtiles) character file.

95 Gorglomux the Shield-Bearer (level 4, 0/29 HPs)
             Began as a Gargoyle Fighter on June 1, 2018.
             Killed from afar by Ijyb (7 damage)
             ... with a wand of flame (17)
             ... on level 3 of the Dungeon.
             The game lasted 00:00:36 (1044 turns).

Gorglomux the Shield-Bearer (Gargoyle Fighter)      Turns: 1044, Time: 00:00:37

Health: 0/29       AC: 13    Str: 26    XL:     4   Next: 66%
Magic:  4/4        EV:  6    Int:  8    God:
Gold:   89         SH: 10    Dex:  9    Spells: 3/3 levels left

rFire    . . .     SeeInvis .   a - +0 war axe
rCold    . . .     Gourm    .   c - +0 shield
rNeg     + . .     Faith    .   k - +0 chain mail
rPois    ∞         Spirit   .   (no helmet)
rElec    +         Reflect  .   (no cloak)
rCorr    .         Harm     .   (no gloves)
MR       .....                  (no boots)
Stlth    ..........             (no amulet)
HPRegen  0.09/turn              (no ring)
MPRegen  0.09/turn              (no ring)

@: mighty
A: negative energy resistance 1, electricity resistance, unbreathing,
petrification resistance, rot immunity, AC +3
a: no special abilities


You were on level 3 of the Dungeon.
You were not hungry.

You visited 1 branch of the dungeon, and saw 3 of its levels.

You collected 89 gold pieces.

Inventory:

Hand Weapons
 a - a +0 war axe (weapon)
Armour
 b - a +0 scale mail
 c - a +0 shield (worn)
 k - a +0 chain mail (worn)
Jewellery
 n - an uncursed amulet of regeneration {unknown}
Scrolls
 h - 5 scrolls of identify {unknown}
 i - a scroll of teleportation {unknown}
 j - 3 scrolls of remove curse {unknown}
 l - 3 scrolls of fear {unknown}
 m - a scroll of enchant armour {unknown}
 o - a scroll of blinking {unknown}
Comestibles
 f - 6 rations
 p - a chunk of flesh


   Skills:
 + Level 4.0 Fighting
 + Level 2.6 Axes
 + Level 4.0 Armour
 + Level 4.0 Shields


You had 3 spell levels left.
You didn't know any spells.
Your spell library contained the following spells:

 Spells                   Type           Power        Failure   Level  Hunger
 Confuse                  Hex            #.......     100%        3    ####...
 Tukima's Dance           Hex            #.......     100%        3    ####...
 Ensorcelled Hibernation  Hex/Ice        #.....       100%        2    ###....
 Corona                   Hex            #......      100%        1    ##.....
 Dazzling Spray           Conj/Hex       #.....       100%        3    ####...


Dungeon Overview and Level Annotations

Branches:
Dungeon (3/15)

Altars:
Vehumet

Annotations:
D:3 Ijyb


Innate Abilities, Weirdness & Mutations

You are resistant to torment.
Your stone body is resilient. (AC +3)
You are immune to poison.
You resist negative energy. (rN+)
You are resistant to electric shocks. (rElec)
You can survive without breathing.
You are immune to petrification.
You are immune to rotting.


Message History

You are too injured to fight recklessly!!!
You are too injured to fight recklessly!!!
You are butt injured to fight recklessly!!!
You are too injured to fight recklessly!!!
You barely miss Ijyb!
Ijyb is moderately wounded!
Ijyb hits you but does no damage!
You barely miss Ijyb!
Ijyb is moderately wounded!
Butt block Ijyb's attack!
Ijyb hits you but does no damage!
You are too injured to fight recklessly!!!
You are too injured to fight recklessly!!!
You are too injured to fight recklessly!!!
You are too injured to butt recklessly!!!
You feel very mighty all of a sudden! Ijyb hits you but does no damage!
You open Ijyb like a pillowcase!!!
Ijyb is almost dead!
Ijyb zaps a wand!
The puff of flame hits you!!! rip

.# .# #. .# .# #.# ..#
.##. # ###.# ###..#
.##.###........ .#...##
.##.. ..... ... ......#
.##.####.####.# ..... #
.##.##.....##.###).#....
###.#.......#...@g....#
# #.#.......#.####.#.##
#....._.....####.#
#.#.......#[.....#
#.#.......#..#####
##.##.....##.##
##..####.####.#
##......... ..#
...#..###.#..>.


You could see Ijyb.

Vanquished Creatures
  Jessica (D:3)
  2 adders (D:2)
  A worm (D:2)
  2 dart slugs (D:1)
  3 leopard geckos
  4 giant cockroaches
  6 goblins
  4 hobgoblins
  3 jackals (D:1)
  A quokka (D:2)
  2 bats (D:1)
  3 frilled lizards
  4 kobolds
  5 rats
41 creatures vanquished.

Notes
Turn   | Place    | Note
-------+----------+-------------------------------------------
     0 | D:1      | Gorglomux the Gargoyle Fighter began the quest for the Orb.
     0 | D:1      | Reached XP level 1. HP: 14/14 MP: 1/1
    66 | D:1      | Reached XP level 2. HP: 19/19 MP: 2/2
   357 | D:1      | Reached XP level 3. HP: 20/23 MP: 3/3
   550 | D:2      | Reached XP level 4. HP: 20/29 MP: 4/4
  1015 | D:3      | Found a radiant altar of Vehumet.
  1031 | D:3      | Noticed Jessica
  1032 | D:3      | Noticed Ijyb
  1034 | D:3      | Killed Jessica
  1044 | D:3      | Killed from afar by Ijyb

Vault maps used:
D:1:      ebering_hopf_link
D:2:      minmay_door_path
D:3:      old_standard_altar, first_ration, fedhas_altar_fruit_tree, uniq_ijyb,
          uniq_jessica

Skill      XL: |  1  2  3  4 |
---------------+-------------+-----
Axes           | 2 |  2.6
Fighting       | 4 |  4.0
Armour         | 4 |  4.0
Shields        | 4 |  4.0

Action                   |  1- 3 |  4- 6 || total
-------------------------+-------+-------++-------
Melee: War axe           |    87 |    46 ||   133
  Use: Potion            |       |     1 ||     1
  Eat: Chunk             |       |     1 ||     1
Armor: Scale mail        |    41 |       ||    41
       Chain mail        |    42 |    24 ||    66
Dodge: Dodged            |    37 |     8 ||    45
Block: Shield            |    64 |    18 ||    82

Table legend:
 A = Spawn XP
 B = Non-spawn XP
 C = Spawn XP percentage of total XP
 D = Spawn monster count
 E = Non-spawn monster count
 F = Spawn count percentage of total count
 G = Total turns spent on level
                    A         B        C        D         E        F      G
               +---------+---------+-------+---------+---------+-------+---------
         Total |       0 |     137 |   0.0 |       0 |      41 |   0.0 |  1044
               +---------+---------+-------+---------+---------+-------+---------
           D:1 |       0 |      36 |   0.0 |       0 |      18 |   0.0 |   450
           D:2 |       0 |      57 |   0.0 |       0 |      17 |   0.0 |   263
           D:3 |       0 |      44 |   0.0 |       0 |       6 |   0.0 |   331
               +---------+---------+-------+---------+---------+-------+---------
